 Dungeon Crawl Stone Soup version 0.19-a0-1704-gbd66c22 (webtiles) character file.

11653 Elitist the Carver (level 11, 76/76 HPs)
             Began as a High Elf Necromancer on Sept 26, 2016.
             Was a High Priest of Okawaru.
             Got out of the dungeon alive.
             The game lasted 00:43:35 (12202 turns).

Elitist the Carver (High Elf Necromancer)          Turns: 12202, Time: 00:43:35

Health: 76/76      AC: 13    Str:  8 (10) XL:     11   Next: 52%
Magic:  23/23      EV: 15    Int: 10 (19) God:    Okawaru [*****.]
Gold:   578        SH:  0    Dex: 15 (19) Spells: 4 memorised, 15 levels left

rFire  + . .     SeeInvis .     a - +3 scimitar (flame)
rCold  + . .     Gourm    .     O - +2 robe {rC+ rF+}
rNeg   . . .     Faith    .     (no shield)
rPois  +         Spirit   +     p - +0 helmet
rElec  .         Dismiss  .     C - +2 cloak
rCorr  .         Reflect  .     h - +0 pair of gloves
MR     +....     Harm     .     (no boots)
Stlth  ++........ Rnd*Tele +    o - amulet of guardian spirit
                                (no ring)
                                D - +2 ring of protection

@: no status effects
A: hooves 1, rugged brown scales 1, agile 1, deterioration 2, mutation
resistance 1, poison resistance, teleportitis 1, wild magic 1
a: Heroism, Finesse, Renounce Religion


You escaped.
You worshipped Okawaru.
Okawaru was extremely pleased with you.
You were near starving.

You visited 2 branches of the dungeon, and saw 12 of its levels.

You collected 578 gold pieces.

Inventory:

Hand Weapons
 a - a +3 scimitar of flaming (weapon)
 b - a +0 shortbow
 s - a +1 dagger of distortion
Missiles
 t - 107 arrows
 x - 20 tomahawks (quivered)
Armour
 h - a +0 pair of gloves (worn)
 p - a +0 helmet (worn)
 C - a +2 cloak (worn)
 N - a troll hide
 O - a +2 robe of resistance (worn)
Jewellery
 o - an amulet of guardian spirit (around neck)
 w - an uncursed amulet of dismissal
 B - an uncursed ring of flight {unknown}
 D - a +2 ring of protection (left hand)
Wands
 f - a wand of iceblast (0/15)
 l - a wand of polymorph (8/24)
 F - a wand of disintegration (0/24)
 I - a wand of flame (46/48)
 M - a wand of acid (0/15)
Scrolls
 d - 4 scrolls of remove curse
 e - 3 scrolls of identify
 j - 3 scrolls of teleportation
 m - 2 scrolls of blinking
 J - 2 scrolls of enchant weapon
 P - a scroll of magic mapping
Potions
 g - 2 potions of brilliance
 A - 4 potions of flight
 H - 2 potions of lignification
 K - a potion of magic
Books
 v - a book of Spatial Translocations

   Spells                             Type                      Level
   a - Apportation                    Translocation                1
   b - Blink                          Translocation                2
   c - Shroud of Golubria             Charms/Translocation         2
   d - Portal Projectile              Translocation                3
   e - Teleport Other                 Translocation                3
   f - Passage of Golubria            Translocation                4
 y - a book of Necromancy

   Spells                             Type                      Level
   a - Pain                           Necromancy                   1
   b - Animate Skeleton               Necromancy                   1
   c - Vampiric Draining              Necromancy                   3
   d - Regeneration                   Charms/Necromancy            3
   e - Animate Dead                   Necromancy                   4
   f - Control Undead                 Necromancy                   4
Miscellaneous
 r - a fan of gales (inert)
Comestibles
 c - 7 bread rations
 k - a beef jerky
 q - 7 fruits
 u - 2 slices of pizza


   Skills:
 + Level 6.5 Fighting
 - Level 4.6(8.1) Short Blades
 - Level 10.4(10.8) Long Blades
 * Level 9.3 Bows
 + Level 4.7 Dodging
 - Level 2.1 Stealth
 - Level 7.7 Spellcasting
 - Level 3.0 Charms
 - Level 8.4 Necromancy
 + Level 1.4 Invocations


You had 15 spell levels left.
You knew the following spells:

 Your Spells              Type           Power        Failure   Level  Hunger
b - Blink                 Tloc           N/A          38%         2    ##.....
c - Animate Skeleton      Necr           N/A          1%          1    None
r - Regeneration          Chrm/Necr      ###.......   10%         3    ###....
z - Animate Dead          Necr           N/A          12%         4    ####...


Dungeon Overview and Level Annotations

Branches:
Dungeon (11/15)            Temple (1/1) D:4             Orc (0/2) D:10
   Lair: D:8-11

Altars:
Ashenzari
Cheibriados
Dithmenos
Elyvilon
Fedhas
Gozag
Hepliaklqana
Kikubaaqudgha
Makhleb
Nemelex Xobeh
Okawaru
Qazlal
Ru
Sif Muna
Trog
Uskayaw
Vehumet
Xom
Yredelemnul
Zin
The Shining One


Innate Abilities, Weirdness & Mutations

You have large cloven feet.
You are partially covered in rugged brown scales. (AC +1, +3% HP)
You are agile. (Dex +2)
Your body often deteriorates upon taking damage.
You are somewhat resistant to further mutation.
Your system is resistant to poisons. (rPois)
You are occasionally teleported next to monsters.
Your spells are a little harder to cast, but a little more powerful.


Message History

No target in view!
(D) Dungeon (T) Temple (O) Orcish Mines
Where to? (Enter - D:1, ? - help)
What level of the Dungeon? (default 1, ? - help)
There is a stone staircase leading up here.
You climb upwards.
There is a stone staircase leading down here.
There is a stone staircase leading up here.
You climb upwards.
There is a stone staircase leading down here.
There is a stone staircase leading up, spattered with blood here.
You climb upwards.
There is a stone staircase leading down here.
You are near starving!
You can't go up here!
You open the door.
There is an open door here.
There is a staircase leading out of the dungeon here.
Are you sure you want to leave the Dungeon?
This will make you lose the game!
You have escaped!

#.########+#............###
#.# #.##.............. #.#
#.##............#. #.#
#.##............#. #.#
##.##.............. #.#
##...##..........##. #.#
##.....#####.....###.
#.#####.......#####....###.
#.'.......@.......+.##.....
#######.......########...#.
##.....#####.........
##...## #..#.....### ##.##
#).#.....###
#.#####..#..##.#..
#.##.......##....#
#.##..........##.#
#'##.....>)#####.#


There were no monsters in sight!

Vanquished Creatures
  Erica (D:8)
  Pikel (D:6)
  3 hill giants
  Maurice (D:11)
  Psyche (D:8)
  Joseph (D:8)
  The ghost of HunfridMar the Skirmisher, an amateur OgMo (D:5)
  A troll (D:9)
  A two-headed ogre (D:9)
  5 hippogriffs
  A wraith (D:10)
  5 yaks
  3 wyverns (D:8)
  Grum (D:8)
  A mottled dragon (D:11)
  2 water moccasins
  2 sky beasts
  A slave (D:6)
  4 phantoms
  4 orc warriors
  4 ice beasts
  A black bear (D:10)
  3 ogres
  2 wolves (D:8)
  2 centaurs
  A crocodile (D:8)
  7 bullfrogs
  A scorpion (D:4)
  9 killer bees
  4 wights
  A howler monkey (D:4)
  An electric eel (D:11)
  2 crimson imps
  2 centaur zombies
  6 orc priests
  3 hounds
  2 bullfrog skeletons
  A jelly (D:11)
  3 iguanas
  11 orc wizards
  8 worker ants
  A killer bee zombie (D:10)
  2 hound zombies
  A worker ant zombie (D:7)
  2 howler monkey skeletons
  3 gnolls
  10 adders
  A shadow imp (D:6)
  2 adder zombies
  A worm (D:4)
  2 dart slugs (D:1)
  11 leopard geckos
  41 orcs
  A ball python (D:1)
  6 giant cockroaches
  9 goblins
  9 hobgoblins
  4 jackals
  3 quokkas
  8 bats
  2 frilled lizards
  3 kobolds
  A leopard gecko skeleton (D:4)
  A leopard gecko zombie (D:8)
  3 rats
241 creatures vanquished.

Vanquished Creatures (collateral kills)
  A wyvern (D:11)
  2 ogres
  A wyvern zombie (D:8)
  2 wights (D:11)
  A howler monkey (D:6)
  A crimson imp (D:11)
  A jelly (D:8)
  Jessica (D:3)
  A worker ant (D:4)
  An adder (D:3)
  A worm (D:2)
  4 orcs
  A giant cockroach (D:2)
  A goblin (D:1)
  2 hobgoblins
  2 jackals
  A quokka skeleton (D:8)
  2 rats (D:2)
26 creatures vanquished.

Vanquished Creatures (others)
  An orc (D:5)
1 creature vanquished.

Grand Total: 268 creatures vanquished

Notes
Turn   | Place    | Note
-------+----------+-------------------------------------------
     0 | D:1      | Elitist the High Elf Necromancer began the quest for the Orb.
     0 | D:1      | Reached XP level 1. HP: 11/11 MP: 4/4
   138 | D:1      | Reached skill level 1 in Fighting
   152 | D:1      | Reached XP level 2. HP: 12/18 MP: 1/6
   414 | D:1      | Reached skill level 1 in Short Blades
   693 | D:1      | Learned a level 1 spell: Animate Skeleton
  1376 | D:2      | Reached XP level 3. HP: 21/23 MP: 5/8
  1710 | D:2      | Learned a level 3 spell: Regeneration
  1711 | D:2      | Found a white marble altar of Elyvilon.
  1711 | D:2      | Found a glowing silver altar of Zin.
  1712 | D:2      | Found a glowing golden altar of the Shining One.
  2004 | D:2      | Reached XP level 4. HP: 21/29 MP: 3/9
  2013 | D:2      | Learned a level 4 spell: Animate Dead
  2028 | D:2      | Found a blossoming altar of Fedhas.
  2284 | D:3      | Found an iron altar of Okawaru.
  2285 | D:3      | Found a basalt altar of Yredelemnul.
  2306 | D:3      | Became a worshipper of Warmaster Okawaru
  2356 | D:3      | Noticed Jessica
  2368 | D:3      | Killed Jessica
  2368 | D:3      | Reached skill level 1 in Long Blades
  2368 | D:3      | Reached skill level 1 in Charms
  2450 | D:3      | You fall through a shaft!
  2472 | D:4      | Reached XP level 5. HP: 10/34 MP: 5/10
  2473 | D:4      | Reached skill level 2 in Long Blades
  2938 | D:4      | Noticed an ogre
  2950 | D:4      | Killed an ogre
  2950 | D:4      | Reached * piety under Okawaru
  2950 | D:4      | Reached skill level 3 in Long Blades
  2950 | D:4      | Reached XP level 6. HP: 36/39 MP: 9/11
  3057 | D:4      | Found a staircase to the Ecumenical Temple.
  3069 | Temple   | Entered the Ecumenical Temple
  3761 | D:4      | Reached XP level 7. HP: 19/45 MP: 12/12
  3931 | D:4      | Reached skill level 4 in Long Blades
  4146 | D:4      | Found a deep blue altar of Sif Muna.
  4253 | D:5      | Entered Level 5 of the Dungeon
  4311 | D:5      | Noticed HunfridMar's ghost (amateur OgMo)
  4323 | D:5      | Gained mutation: You are partially covered in rugged brown scales. (AC +1, +3% HP) [potion of mutation]
  4323 | D:5      | Gained mutation: Your spells are a little harder to cast, but a little more powerful. [potion of mutation]
  4323 | D:5      | Gained mutation: Your body sometimes deteriorates upon taking damage. [potion of mutation]
  4336 | D:5      | Killed HunfridMar's ghost
  4336 | D:5      | Reached ** piety under Okawaru
  4336 | D:5      | Reached skill level 5 in Long Blades
  4336 | D:5      | Reached skill level 5 in Necromancy
  4555 | D:5      | Reached XP level 8. HP: 37/55 MP: 13/13
  4616 | D:5      | Reached skill level 6 in Long Blades
  4889 | D:5      | Reached skill level 5 in Fighting
  5060 | D:5      | Found an ancient bone altar of Kikubaaqudgha.
  5062 | D:5      | Reached *** piety under Okawaru
  5066 | D:5      | Reached skill level 1 in Bows
  5338 | D:5      | Gained mutation: Your system is resistant to poisons. (rPois) [potion of beneficial mutation]
  5387 | D:6      | Noticed Pikel
  5418 | D:6      | Killed Pikel
  5418 | D:6      | Reached skill level 7 in Long Blades
  5418 | D:6      | Reached XP level 9. HP: 29/61 MP: 12/16
  5440 | D:6      | Learned a level 2 spell: Blink
  5478 | D:6      | Found a bloodstained altar of Trog.
  5966 | D:7      | Found a shadowy altar of Dithmenos.
  6117 | D:7      | Found a bloodstained altar of Trog.
  6181 | D:7      | Found a glowing golden altar of the Shining One.
  6473 | D:7      | Reached skill level 5 in Spellcasting
  6573 | D:8      | Noticed Joseph
  6584 | D:8      | Killed Joseph
  6584 | D:8      | Reached **** piety under Okawaru
  6584 | D:8      | Reached skill level 8 in Long Blades
  6584 | D:8      | Reached skill level 5 in Bows
  6629 | D:8      | Noticed Psyche
  6644 | D:8      | Killed Psyche
  6789 | D:8      | Noticed Erica
  6818 | D:8      | Killed Erica
  6818 | D:8      | Received a gift from Okawaru
  6818 | D:8      | Reached ***** piety under Okawaru
  6818 | D:8      | Reached XP level 10. HP: 48/67 MP: 13/20
  6928 | D:8      | Noticed Grum
  6953 | D:8      | Received a gift from Okawaru
  6953 | D:8      | Reached skill level 9 in Long Blades
  6987 | D:8      | Killed Grum
  7337 | D:8      | Found a hazy altar of Hepliaklqana.
  7339 | D:8      | Found a shimmering altar of Xom.
  7339 | D:8      | Noticed a glowing orange brain
  7340 | D:8      | Noticed a glowing orange brain
  8649 | D:9      | Reached skill level 10 in Long Blades
  8656 | D:9      | Gained mutation: Your body often deteriorates upon taking damage. [mutagenic meat]
  8659 | D:9      | Gained mutation: Your spells are harder to cast, but more powerful. [mutagenic meat]
  8706 | D:10     | Entered Level 10 of the Dungeon
  9062 | D:10     | Found a staircase to the Orcish Mines.
  9067 | D:10     | Gained mutation: You are occasionally teleported next to monsters. [potion of mutation]
  9067 | D:10     | Gained mutation: You have large cloven feet. [potion of mutation]
  9068 | D:10     | Gained mutation: You are somewhat resistant to further mutation. [potion of mutation]
  9068 | D:10     | Lost mutation: Your spells are harder to cast, but more powerful. [potion of mutation]
  9100 | D:10     | Reached XP level 11. HP: 21/74 MP: 18/23
  9205 | D:10     | Gained mutation: You are agile. (Dex +2) [potion of mutation]
  9770 | D:10     | Noticed a hill giant
  9808 | D:10     | Killed a hill giant
 10379 | D:11     | Noticed a hill giant
 10388 | D:11     | Killed a hill giant
 10756 | D:11     | Noticed Maurice
 10791 | D:11     | Killed Maurice
 11423 | D:11     | Noticed a hill giant
 11440 | D:11     | Killed a hill giant
 11440 | D:11     | Received a gift from Okawaru
 11545 | D:11     | Reached skill level 1 in Invocations
 11570 | D:11     | Noticed a fire dragon
 11570 | D:11     | Noticed a yaktaur captain
 11572 | D:11     | Noticed an orc warlord
 11590 | D:11     | Received a gift from Okawaru
 11598 | D:11     | Noticed a storm dragon
 11598 | D:11     | an orc warlord changed into a storm dragon
 11982 | D:10     | Upgraded the game from 0.19-a0-1697-g0595f0e to 0.19-a0-1704-gbd66c22
 12202 | D:$      | Got out of the dungeon alive.

Vault maps used:
D:1:      evilmike_arrival_plus
D:2:      good_gods_mini_temple, fedhas_altar_fruit_tree
D:3:      grunt_temple_overflow_open, minmay_statues_item, uniq_jessica
D:4:      corexii_shack_village, lemuel_crystal_altar
D:5:      kiku_gazebo_pond_becter, first_bread
D:6:      lemuel_crystal_altar, uniq_pikel
D:7:      nicolae_overflow_crystal_walls, basic_altar, trog_three_pillars_becter
D:8:      regret_index_temple_of_mockery, uniq_grum, uniq_erica, uniq_joseph,
          uniq_psyche
D:10:     erik_orc_3
D:11:     minmay_glassy_protrusions, lair_0_dummy, uniq_maurice
Temple:   compressed_dpeg_circular_temple

Skill      XL: |  1  2  3  4  5  6  7  8  9 10 11 |
---------------+----------------------------------+-----
Fighting       | 1 2 4 5 6 |  6.5
Short Blades   | 1 2 3 4 |  4.6
Spellcasting   | 3 4 6 7 |  7.7
Long Blades    | 1 3 5 7 8 10 | 10.4
Charms         | 1 2 3 |  3.0
Necromancy     | 4 5 6 7 8 |  8.4
Bows           | 3 6 7 9 |  9.3
Dodging        | 4 |  4.7
Invocations    | 1 |  1.4
Stealth        | |  2.1

Action                   |  1- 3 |  4- 6 |  7- 9 | 10-12 || total
-------------------------+-------+-------+-------+-------++-------
Melee: Dagger            |    67 |     8 |       |       ||    75
       Scimitar          |       |   130 |   335 |   483 ||   948
       Punch             |       |       |     2 |     3 ||     5
       Kick              |       |       |       |    44 ||    44
 Fire: Shortbow          |       |       |    22 |   163 ||   185
 Cast: Pain              |    70 |     3 |     6 |       ||    79
       Animate Skeleton  |    12 |    10 |     7 |    12 ||    41
       Regeneration      |       |    10 |    15 |    24 ||    49
       Animate Dead      |       |       |    13 |    20 ||    33
       Blink             |       |       |       |     1 ||     1
Invok: Heroism           |       |       |     6 |    10 ||    16
Evoke: Wand              |       |       |     3 |     8 ||    11
       Fan of gales      |       |       |       |     1 ||     1
  Use: Potion            |       |     1 |    13 |    14 ||    28
       Scroll            |       |       |     5 |    10 ||    15
 Stab: Sleeping          |     2 |     3 |     4 |     2 ||    11
       Distracted        |     1 |       |     2 |     1 ||     4
  Eat: Chunk             |     4 |     7 |    11 |    21 ||    43
       Meat ration       |       |       |     1 |       ||     1
       Bread ration      |       |       |       |     1 ||     1
       Royal jelly       |       |       |       |     1 ||     1
Armor: Robe              |    28 |    27 |    73 |   143 ||   271
       Skin              |       |       |       |    43 ||    43
Dodge: Dodged            |    74 |    82 |   195 |   286 ||   637
